 Dungeon Crawl Stone Soup version 0.17-a0-2109-g117576f (webtiles) character file.

282 ololoev the Conjurer (level 6, 41/41 HPs)
             Began as a Demonspawn Fire Elementalist on Oct 19, 2015.
             Quit the game in an ossuary.
             The game lasted 00:08:59 (3686 turns).

ololoev the Conjurer (Demonspawn Fire Elementalist) Turns: 3686, Time: 00:08:59

Health: 41/41      AC:  7    Str:  8    XL:     6   Next: 6%
Magic:  2/11       EV: 12    Int: 18    God:
Gold:   311        SH:  0    Dex: 14    Spells: 3 memorised, 3 levels left

rFire  + . .     SeeInvis .     f - +0 spear
rCold  x . .     Clarity  .     a - +0 robe
rNeg   . . .     SustAt   .     (no shield)
rPois  +         Gourm    .     (no helmet)
rElec  .         Spirit   +     (no cloak)
rCorr  .         Warding  .     j - +0 pair of gloves
rMut   .         Stasis   .     (no boots)
MR     .....                    (no amulet)
Stlth  ++........               (no ring)
                                l - ring of fire

@: marked, very slightly contaminated, not resistant to hostile enchantments,
unstealthy
A: slimy green scales 3, magic shield
a: no special abilities


Innate Abilities, Weirdness & Mutations

You are completely covered in slimy green scales (AC +4, rPois).
When hurt, damage is shared between your health and your magic reserves.

Inventory:

Hand Weapons
 f - a +0 spear (weapon)
Armour
 a - a +0 robe (worn)
 j - a +0 pair of gloves (worn)
Jewellery
 l - a ring of fire (left hand)
 q - an uncursed ring of teleportation
Scrolls
 e - a scroll of recharging {unknown}
 h - a scroll of enchant armour {unknown}
 i - a scroll of teleportation {unknown}
 k - a scroll of enchant weapon {unknown}
 p - a scroll of blinking {unknown}
Potions
 g - a potion of mutation
 n - a potion of curing
Books
 b - a book of Flames

   Spells                             Type                      Level
   a - Flame Tongue                   Conjuration/Fire             1
   b - Throw Flame                    Conjuration/Fire             2
   c - Conjure Flame                  Conjuration/Fire             3
   d - Inner Flame                    Hexes/Fire                   3
   e - Sticky Flame                   Conjuration/Fire             4
   f - Fireball                       Conjuration/Fire             5
Comestibles
 c - 2 bread rations
 d - 10 fruits


   Skills:
 - Level 1.7 Dodging
 - Level 1.7 Stealth
 + Level 3.4 Spellcasting
 * Level 4.3 Conjurations
 + Level 3.7 Fire Magic


You had 3 spell levels left. You knew the following spells: Your Spells Type Power Failure Level Hunger a - Flame Tongue Conj/Fire ####. 3% 1 None b - Conjure Flame Conj/Fire ####.... 12% 3 ###.... c - Sticky Flame Conj/Fire ####.... 34% 4 ####... You were in an ossuary. You were not hungry. You visited 1 branch of the dungeon, and saw 4 of its levels. You also visited: Ossuary. You collected 311 gold pieces. ###################### #....................# #...........Z........# #........8..8Z.......# #..........Z§@.......# #...######.Z######...# #...# #Z.# #...# #...# #..# #...# #...# #Z.# #...# #...# .... #...# #...# ....## #...# #...# .....# #...# #...# ......# #...#

Notes
Turn   | Place    | Note
--------------------------------------------------------------
     0 | D:1      | ololoev the Demonspawn Fire Elementalist began the quest for the Orb.
     0 | D:1      | Reached XP level 1. HP: 13/13 MP: 3/3
   200 | D:1      | Gained mutation: You are partially covered in slimy green scales (AC +2). [demonic ancestry]
   200 | D:1      | Reached XP level 2. HP: 19/19 MP: 5/5
  1088 | D:2      | Found a shadowy altar of Dithmenos.
  1312 | D:2      | Reached XP level 3. HP: 24/24 MP: 2/6
  1313 | D:2      | Reached skill level 3 in Fire Magic
  1321 | D:2      | Learned a level 3 spell: Conjure Flame
  1969 | D:3      | Noticed Natasha
  1977 | D:3      | Killed Natasha
  1977 | D:3      | Gained mutation: You are mostly covered in slimy green scales (AC +3). [demonic ancestry]
  1977 | D:3      | Reached XP level 4. HP: 30/30 MP: 3/7
  2020 | D:3      | Noticed Natasha
  2028 | D:3      | Killed Natasha
  2223 | D:3      | Found Zin's Purification Station.
  2225 | D:3      | Found a glowing silver altar of Zin.
  2507 | D:3      | Noticed Natasha
  2510 | D:3      | Killed Natasha
  2703 | D:3      | Learned a level 4 spell: Sticky Flame
  3153 | D:4      | Noticed Duvessa
  3153 | D:4      | Noticed Dowan
  3176 | D:4      | Killed Duvessa
  3176 | D:4      | Gained mutation: You are completely covered in slimy green scales (AC +4, rPois). [demonic ancestry]
  3176 | D:4      | Reached XP level 5. HP: 35/35 MP: 0/9
  3218 | D:3      | Reached skill level 4 in Conjurations
  3486 | D:4      | Found a sand-covered staircase.
  3493 | Ossuary  | Entered an ossuary
  3685 | Ossuary  | Gained mutation: When hurt, damage is shared between your health and your magic reserves. [demonic ancestry]
  3685 | Ossuary  | Reached XP level 6. HP: 41/41 MP: 2/11
  3686 | Ossuary  | Quit the game

Dungeon Overview and Level Annotations

Branches:
Dungeon (4/15)
 Temple: D:4-7

Altars:
Dithmenos
Zin

Shops:
D:3 *

Annotations:
D:4 Dowan


Message History

Aiming: Conjure Flame
Press: ? - help, Dir - move target cursor You feel a surge of power!
You miscast Conjure Flame.
Strange energies run through your body. 2 zombies come into view.
Casting: Conjure Flame
Confirm with . or Enter, or press ? or * to list all spells.
Aiming: Conjure Flame
Press: ? - help, Dir - move target cursor You feel a surge of power!
The fire roars!
The jackal zombie moves out of view.
The hobgoblin zombie is engulfed in roaring flames.
You destroy the hobgoblin zombie!
You hit the adder zombie.
The adder zombie is engulfed in roaring flames.
The adder zombie bites you.
A kobold zombie comes into view.
You hit the adder zombie but do no damage.
The adder zombie is engulfed in roaring flames.
You destroy the adder zombie!
You hit the centaur zombie.
The centaur zombie is engulfed in roaring flames.
The centaur zombie closely misses you.
Press: ? - help, v - describe, . - travel
Here: a jackal zombie The floor.
You hit the centaur zombie but do no damage.
The centaur zombie is engulfed in roaring flames.
You destroy the centaur zombie!
You have reached level 6!
Your experience leads to an increase in your attributes!
Increase (S)trength, (I)ntelligence, or (D)exterity?
You feel clever.
Your demonic ancestry asserts itself...
You feel your magical essence form a protective shroud around your flesh.
The jackal zombie barely misses you.
The jackal zombie is engulfed in roaring flames.
You destroy the jackal zombie!
A hobgoblin zombie comes into view.
Unknown command.
Unknown command.
Are you sure you want to abandon this character and quit the game? (Confirm with "yes".)

You could see 2 rat zombies, a jackal zombie, a hobgoblin zombie and a kobold zombie.

Vanquished Creatures
  Duvessa (D:4)
  A centaur zombie (Ossuary)
  A worker ant (D:4)
  Natasha (thrice) (D:3)
  An adder (D:2)
  An adder zombie (Ossuary)
  3 worms (D:3)
  An orc (D:3)
  4 goblins
  11 hobgoblins
  2 jackals (D:2)
  A ball python (D:3)
  6 bats
  5 giant cockroaches
  2 giant newts
  8 hobgoblin zombies (Ossuary)
  A jackal zombie (Ossuary)
  9 kobolds
  6 kobold zombies (Ossuary)
  7 orc zombies (Ossuary)
  5 rats
79 creatures vanquished.

Action                   |  1- 3 |  4- 6 || total
-------------------------+-------+-------++-------
Melee: Spear             |    62 |   103 ||   165
 Cast: Flame Tongue      |    29 |    28 ||    57
       Conjure Flame     |       |     6 ||     6
  Use: Scroll            |       |     5 ||     5
 Stab: Sleeping          |     4 |     4 ||     8
  Eat: Chunk             |     3 |     5 ||     8
       Meat ration       |       |     1 ||     1

Vault maps used:
D:1:      dpeg_arrival_orchard
D:2:      nicolae_overflow_hidden_temple
D:3:      zin_purify, uniq_natasha
D:4:      first_bread, enter_ossuary_1, nicolae_ru_great_annihilating_truth,
          uniq_duvessa
Ossuary:  ossuary_tomb_1
